 Dungeon Crawl Stone Soup version 0.28-a0-823-gb444dcf96d (webtiles) character file.

Game seed: 9058315529368917026

165 IndexError the Grave Robber (level 5, -1/28 (37) HPs)
             Began as a Gnoll Necromancer on Nov 9, 2021.
             Slain by a necrophage (5 damage)
             ... on level 3 of the Dungeon on Nov 10, 2021.
             The game lasted 00:06:55 (4266 turns).

IndexError the Grave Robber (Gnoll Necromancer)     Turns: 4266, Time: 00:06:55

HP:   -1/28 (37)    AC:  2    Str:  7    XL:     5   Next: 46%
MP:   12/12         EV: 13    Int: 16    God:
Gold: 113           SH:  0    Dex: 12    Spells: 9/14 levels left

rFire   . . .      SeeInvis .   g - +0 hunting sling
rCold   . . .      Faith    .   (no shield)
rNeg    . . .      Spirit   .   a - +0 robe
rPois   .          Reflect  .   (no helmet)
rElec   .          Harm     .   (no cloak)
rCorr   .          Rampage  .   (no gloves)
Will    .....                   (no boots)
Stlth   +++.......              (no amulet)
HPRegen 0.09/turn               (no ring)
MPRegen 0.13/turn               (no ring)

@: heavily drained
A: fangs 1, strong nose, distributed training
a: no special abilities


You were on level 3 of the Dungeon.
You visited 1 branch of the dungeon, and saw 4 of its levels.

You collected 113 gold pieces.

Inventory:

Hand Weapons
 g - a +0 hunting sling (weapon)
   (You took it off a goblin on level 2 of the Dungeon)
Missiles
 h - 81 stones (quivered ammo)
Armour
 a - a +0 robe (worn)
 f - a +0 helmet
   (You found it on level 2 of the Dungeon)
Wands
 l - a wand of iceblast (13)
   (You found it on level 4 of the Dungeon)
Scrolls
 b - 2 scrolls of teleportation {unknown}
 i - 7 scrolls of identify {unknown}
 k - 2 scrolls of enchant armour {unknown}
 m - a scroll of fog {unknown}
 n - a scroll of amnesia {unknown}
Potions
 d - a potion of haste {unknown}
 e - 3 potions of curing {unknown}
 j - a potion of heal wounds {unknown}


   Skills:
 + Level 1.5 Fighting
 + Level 1.5 Short Blades
 + Level 1.5 Long Blades
 + Level 1.5 Axes
 + Level 1.5 Maces & Flails
 + Level 1.5 Polearms
 + Level 1.5 Staves
 + Level 1.5 Slings
 + Level 1.5 Bows
 + Level 1.5 Crossbows
 + Level 1.5 Throwing
 + Level 1.5 Armour
 + Level 4.8 Dodging
 + Level 4.4 Stealth
 + Level 1.5 Shields
 + Level 1.5 Unarmed Combat
 + Level 5.2 Spellcasting
 + Level 1.2 Conjurations
 + Level 1.2 Hexes
 + Level 1.2 Summonings
 + Level 7.2 Necromancy
 + Level 1.2 Translocations
 + Level 1.2 Transmutations
 + Level 1.2 Fire Magic
 + Level 1.2 Ice Magic
 + Level 1.2 Air Magic
 + Level 1.2 Earth Magic
 + Level 1.2 Poison Magic
 + Level 1.7 Invocations
 + Level 1.5 Evocations


You had 9 spell levels left.
You knew the following spells:

 Your Spells              Type           Power      Damage    Failure   Level
a - Pain                  Necr           100%       1d9       1%          1
x - Vampiric Draining     Necr           27%        2d7       2%          3
A - Animate Skeleton      Necr           54%        N/A       1%          1

Your spell library contained the following spells:

 Spells                   Type           Power      Damage    Failure   Level
 Animate Dead             Necr           13%        N/A       8%          4
 Agony                    Necr           27%        N/A       22%         5


Dungeon Overview and Level Annotations

Branches:
Dungeon (4/15)
 Temple: D:4-7

Altars:
Cheibriados

Annotations:
D:4 Menkaure


Innate Abilities, Weirdness & Mutations

You have very sharp teeth.
Your uncanny sense of smell can sniff out nearby items.
Your experience applies equally to all skills.


Message History

Magic restored.
HP restored.
Health restored: 37; MP restored: 12
Casting: Pain (safe; 1% risk of failure)
Confirm with . or Enter, or press ? or * to list all spells.
You attempt to give life to the dead...
Before your eyes, flesh is ripped from the corpse!
The dead are walking!
You now have 11/12 mp.
h - 93 stones (gained 1)
h - 94 stones (gained 1)
You swap places.
MP restored: 12
There is a stone staircase leading up here.
Really walk into a travel-excluded area?
What are your orders? t - Bark!
Orders for allies: a - Attack new target. r - Retreat! s - Stop attacking. g - Guard the area. f - Follow me.
Anything else - Cancel.
Gang up on whom?
Press: ? - help, Dir - move target, f - Menkaure
Aim: Menkaure (dormant) Attack!
Menkaure shouts!
Menkaure calls on the powers of darkness!
Your body is wracked with pain!
You take 17 damage, and have 20/37 hp.
MASSIVE DAMAGE!!
Your ogre skeleton crumbles into dust!
You see here 23 arrows.
There is a stone staircase leading up here.
You climb upwards.
There is a stone staircase leading down here.
You start resting.
A necrophage is nearby!
You regained 11 hp, and now have 33/37 hp.
You shoot a stone. The stone hits the necrophage.
You shoot a stone. The stone hits the necrophage.
You shoot a stone. The stone barely misses the necrophage.
You shoot a stone.
The stone closely misses the necrophage.
You shoot a stone. The stone hits the necrophage.
You shoot a stone. The stone barely misses the necrophage.
The necrophage misses you.
You shoot a stone.
The stone hits the necrophage but does no damage.
The necrophage hits you.
You feel drained.
You take 6 damage, and have 28/36 hp.
You shoot a stone.
The stone closely misses the necrophage.
The necrophage misses you.
You shoot a stone. The stone hits the necrophage.
The necrophage misses you.
You shoot a stone. The stone hits the necrophage.
The necrophage closely misses you. The necrophage hits you.
You feel drained.
You take 6 damage, and have 22/34 hp.
Throw: 3 javelins
Press: ? - help, Q - select action, (/) - cycle Shift-Dir - straight line, f/p - necrophage
Aim: a necrophage (heavily damaged, 56% to hit)
You throw a javelin.
The javelin pierces through the necrophage.
The necrophage misses you.
Throw: 2 javelins
Press: ? - help, Q - select action, (/) - cycle Shift-Dir - straight line, f/p - necrophage
Aim: a necrophage (severely damaged, 56% to hit)
You throw a javelin.
The javelin pierces through the necrophage.
The necrophage hits you.
You feel drained.
You take 3 damage, and have 19/33 hp.
Throw: javelin
Press: ? - help, Q - select action, (/) - cycle Shift-Dir - straight line, f/p - necrophage
Aim: a necrophage (severely damaged, 56% to hit)
You throw a javelin.
The javelin closely misses the necrophage.
The necrophage hits you.
You feel drained. The necrophage hits you.
You take 5 damage, and have 14/32 hp.
The necrophage hits you.
You take 1 damage, and have 13/32 hp.
Fire: 84 stones
Press: ? - help, Q - select action Shift-Dir - straight line, f/p - necrophage
Aim: a necrophage (severely damaged, 56% to hit)
You shoot a stone.
The stone closely misses the necrophage.
The necrophage hits you.
You feel drained.
You take 3 damage, and have 10/30 hp.
Fire: 83 stones
Press: ? - help, Q - select action Shift-Dir - straight line, f/p - necrophage
Aim: a necrophage (severely damaged, 56% to hit)
You shoot a stone. The stone barely misses the necrophage.
The necrophage hits you.
* * * LOW HITPOINT WARNING * * *
You feel drained.
You take 6 damage, and have 4/28 hp.
MASSIVE DAMAGE!!
Fire: 82 stones
Press: ? - help, Q - select action Shift-Dir - straight line, f/p - necrophage
Aim: a necrophage (severely damaged, 56% to hit)
You shoot a stone.
The stone closely misses the necrophage.
The necrophage hits you.
You die...

#.#
#..##.#..###.#..###.....#.##
#.# #..##...##
##...........#.#_ #.#
#........###.#..###....#..##
#.#
#.###...#.#.##..#......#....
#Z# #.#
###.##.............#....
#.###.#
#.##.............####.
#.....#
##................#8#..
####).#
##.#.........<(......#..
#..###<###..@n((((........#..
#.....## ##.#.###.......#####
#.####.###...## ##.........#
#.# ##.#.#.## #.........##
#.# ##.###.## ##.###.......
#.######.# ##.###.[# ########
#......#.#####.#.#.#
######.#........##.#
#.............#


You could see a necrophage.

Vanquished Creatures
  An ogre (D:4)
  3 adders (D:2)
  An adder skeleton (D:3)
  5 orcs
  2 ball pythons
  4 endoplasms
  3 giant cockroaches
  4 goblins
  4 hobgoblins
  6 jackals
  A quokka (D:1)
  A bat (D:1)
  A frilled lizard (D:2)
  5 kobolds
  2 rats
43 creatures vanquished.

Vanquished Creatures (collateral kills)
  An orc (D:4)
  A giant cockroach (D:2)
2 creatures vanquished.

Grand Total: 45 creatures vanquished

Notes
Turn   | Place    | Note
-------+----------+-------------------------------------------
     0 | D:1      | IndexError the Gnoll Necromancer began the quest for the
                  | Orb.
     0 | D:1      | Reached XP level 1. HP: 13/13 MP: 6/6
    86 | D:1      | Learned a level 1 spell: Animate Skeleton
   568 | D:1      | Reached XP level 2. HP: 15/19 MP: 3/7
  1007 | D:2      | HP: 4/20 [jackal (2)]
  1727 | D:2      | Found a snail-covered altar of Cheibriados.
  1749 | D:2      | Reached skill level 5 in Spellcasting
  1749 | D:2      | Reached XP level 3. HP: 14/25 MP: 5/9
  1749 | D:2      | Upgraded the game from 0.28-a0-821-g923ab73998 to
                  | 0.28-a0-823-gb444dcf96d
  1987 | D:2      | Reached skill level 1 in Invocations
  2244 | D:2      | Learned a level 3 spell: Vampiric Draining
  2600 | D:3      | Reached skill level 1 in Fighting
  2600 | D:3      | Reached skill level 1 in Short Blades
  2600 | D:3      | Reached skill level 1 in Long Blades
  2600 | D:3      | Reached skill level 1 in Axes
  2600 | D:3      | Reached skill level 1 in Maces & Flails
  2600 | D:3      | Reached skill level 1 in Polearms
  2600 | D:3      | Reached skill level 1 in Staves
  2600 | D:3      | Reached skill level 1 in Slings
  2600 | D:3      | Reached skill level 1 in Bows
  2600 | D:3      | Reached skill level 1 in Crossbows
  2600 | D:3      | Reached skill level 1 in Throwing
  2600 | D:3      | Reached skill level 1 in Armour
  2600 | D:3      | Reached skill level 1 in Shields
  2600 | D:3      | Reached skill level 1 in Unarmed Combat
  2600 | D:3      | Reached skill level 1 in Evocations
  2888 | D:3      | Reached XP level 4. HP: 32/32 MP: 11/11
  3262 | D:3      | Found a faded altar of an unknown god.
  3599 | D:4      | Noticed a necrophage
  3865 | D:4      | Noticed Menkaure
  3925 | D:4      | Noticed an ogre
  3939 | D:4      | Killed an ogre
  3940 | D:4      | Reached skill level 1 in Conjurations
  3940 | D:4      | Reached skill level 1 in Hexes
  3940 | D:4      | Reached skill level 1 in Summonings
  3940 | D:4      | Reached skill level 1 in Translocations
  3940 | D:4      | Reached skill level 1 in Transmutations
  3940 | D:4      | Reached skill level 1 in Fire Magic
  3940 | D:4      | Reached skill level 1 in Ice Magic
  3940 | D:4      | Reached skill level 1 in Air Magic
  3940 | D:4      | Reached skill level 1 in Earth Magic
  3940 | D:4      | Reached skill level 1 in Poison Magic
  3940 | D:4      | Reached XP level 5. HP: 16/37 MP: 10/12
  4265 | D:3      | HP: 4/30 [necrophage (6)]
  4266 | D:3      | Slain by a necrophage

Illustrated notes

Levels and vault maps discovered:
D:1:      dpeg_arrival_water_temple_mockup, layout_basic,
          corexii_leaking_fountain
D:2:      layout_basic, basic_altar, minmay_crystal_room
D:3:      layout_loops_ring, shapermc_ecumenical_altar_mp_vishouse
D:4:      layout_rooms, worldfamousw_hep_ancestral_shrine,
          uniq_crazy_yiuf_cottage, uniq_menkaure

Skill      XL: |  1  2  3  4 |
---------------+-------------+-----
Spellcasting   | 5 |  5.2
Invocations    | 1 |  1.7
Fighting       | 1 |  1.5
Short Blades   | 1 |  1.5
Long Blades    | 1 |  1.5
Axes           | 1 |  1.5
Maces & Flails | 1 |  1.5
Polearms       | 1 |  1.5
Staves         | 1 |  1.5
Slings         | 1 |  1.5
Bows           | 1 |  1.5
Crossbows      | 1 |  1.5
Throwing       | 1 |  1.5
Armour         | 1 |  1.5
Shields        | 1 |  1.5
Unarmed Combat | 1 |  1.5
Evocations     | 1 |  1.5
Conjurations   | 1 |  1.2
Hexes          | 1 |  1.2
Summonings     | 1 |  1.2
Translocations | 1 |  1.2
Transmutations | 1 |  1.2
Fire Magic     | 1 |  1.2
Ice Magic      | 1 |  1.2
Air Magic      | 1 |  1.2
Earth Magic    | 1 |  1.2
Poison Magic   | 1 |  1.2
Dodging        | |  4.8
Stealth        | |  4.4
Necromancy     | |  7.2

Action                   |  1- 3 |  4- 6 || total
-------------------------+-------+-------++-------
Melee: Club              |    15 |       ||    15
 Fire: Hunting sling     |    41 |    79 ||   120
Throw: Javelin           |       |     3 ||     3
 Cast: Pain              |    29 |     3 ||    32
       Animate Skeleton  |     6 |     7 ||    13
Evoke: Wand              |       |     1 ||     1
Armor: Robe              |    12 |     3 ||    15
Dodge: Dodged            |    29 |    30 ||    59

Table legend: (Time is in decaauts)
 A = Elapsed time spent in this place.
 B = Non-inter-level travel time spent in this place.
 C = Inter-level travel time spent in this place.
 D = Time resting spent in this place.
 E = Time spent auto-exploring this place.
 F = Levels seen in this place.
 G = Mean time per level.
                   A        B        C        D        E       F      G
               +--------+--------+--------+--------+--------+-----+--------+
         Total |   4295 |   3849 |    446 |    872 |   2372 |   4 | 1073.8 |
       Dungeon |   4295 |   3849 |    446 |    872 |   2372 |   4 | 1073.8 |
               +--------+--------+--------+--------+--------+-----+--------+

Top non-repeatable levels by time:
     D:2: 1781 daAuts
     D:3: 1137 daAuts
     D:1: 908 daAuts
     D:4: 468 daAuts

Table legend:
 A = Kills in this place as a percentage of kills in entire the game.
 B = Kills by you in this place as a percentage of kills by you in the entire game.
 C = Kills by friends in this place as a percentage of kills by friends in the entire game.
 D = Other kills in this place as a percentage of other kills in the entire game.
 E = Experience gained in this place as a percentage of experience gained in the entire game.
 F = Experience gained in this place divided by the number of levels of this place that you have seen.
                   A       B       C       D       E      F
               +-------+-------+-------+-------+-------+----------------------
         Total | 100.0 | 100.0 | 100.0 |   N/A | 100.0 |  59.2
       Dungeon | 100.0 | 100.0 | 100.0 |   N/A | 100.0 |  59.2
               +-------+-------+-------+-------+-------+----------------------
